 Dungeon Crawl Stone Soup version 0.32-a0-913-g739538a (webtiles) character file.

Game seed: 1726808006669116207

24804 IQJUMP the Grappler (level 12, -1/113 HPs)
             Began as a Troll Monk on Apr 8, 2024.
             Was a High Priest of Hepliaklqana.
             Slain by a black mamba (3 damage)
             ... on level 1 of the Lair of Beasts.
             The game lasted 00:23:56 (10459 turns).

IQJUMP the Grappler (Troll Monk)                   Turns: 10459, Time: 00:23:58

Health: -1/113     AC: 10    Str: 22    XL:     12   Next: 83%
Magic:  18/18      EV: 14    Int:  8    God:    Hepliaklqana [*****.]
Gold:   444        SH:  0    Dex: 12    Spells: 11/11 levels left

rFire   + .          .
                       - Unarmed
rCold   + . .        c - orb {light}
rNeg    . . .        r - +1 robe {rC+}
rPois   .            (helmet restricted)
rElec   .            H - +2 cloak
rCorr   .            (gloves unavailable)
SInv    .            (boots unavailable)
Will    +....        z - amulet of magic regeneration
Stlth   +            A - +5 ring of evasion
HPRegen 1.18/turn    n - ring of protection from fire
MPRegen 0.56/turn

%: clarity
@: lethally poisoned (-1 -> -8), glowing
A: reduced essence, large, unfitting armour, claws 3, regeneration 1, shaggy fur
1, tough skin 1, iridescent scales 1, clarity, dopey 1, strong-willed 1,
inability to read after injury 1
a: Renounce Religion, Ancestor Life: Knight, Ancestor Life: Battlemage, Ancestor
Life: Hexer, Recall Ancestor, Ancestor Identity, Transference, Idealise


You were on level 1 of the Lair of Beasts.
You worshipped Hepliaklqana.
Hepliaklqana was extremely pleased with you.
You visited 3 branches of the dungeon, and saw 15 of its levels.

You collected 804 gold pieces.
You spent 360 gold pieces at shops.

Inventory:

Missiles
 Q - 16 large rocks
Armour
 c - an orb of light (worn)
 r - a +1 robe of cold resistance (worn)
 F - +0 steam dragon scales
 H - a +2 cloak (worn)
Jewellery
 a - a ring of resist corrosion
 n - a ring of protection from fire (right claw)
 p - a +4 ring of protection
 u - a ring of flight
 x - a ring of protection from fire
 z - an amulet of magic regeneration (around neck)
 A - a +5 ring of evasion (left claw)
 J - a ring of wizardry
 O - a ring of ice
 R - a +6 ring of dexterity
Wands
 C - a wand of mindburst (11)
 I - a wand of flame (19)
 K - a wand of charming (5)
 L - a wand of quicksilver (9)
 M - a wand of digging (8)
 S - a wand of polymorph (4)
Scrolls
 e - 2 scrolls of amnesia
 f - a scroll of noise
 h - 3 scrolls of enchant weapon
 i - a scroll of revelation
 j - a scroll of poison
 k - 2 scrolls of identify
 l - a scroll of blinking
 o - a scroll of fog
 t - 5 scrolls of teleportation
 v - 2 scrolls of immolation
 y - a scroll of brand weapon
 B - a scroll of vulnerability
 D - 4 scrolls of enchant armour
 E - a scroll of fear
 T - 2 scrolls of silence {unknown}
Potions
 b - 3 potions of ambrosia
 d - a potion of resistance
 g - 2 potions of brilliance
 m - a potion of haste
 q - 5 potions of curing
 s - a potion of cancellation
 w - 3 potions of attraction
 G - a potion of enlightenment
 N - a potion of might
 P - a potion of berserk rage
 U - a potion of lignification
 V - a potion of magic {unknown}


   Skills:
 - Level 10.0 Fighting
 - Level 1.0 Short Blades
 - Level 0.4(0.8) Long Blades
 - Level 0.8(1.0) Axes
 - Level 0.5(1.0) Maces & Flails
 - Level 0.4(0.9) Polearms
 - Level 0.4(0.8) Staves
 - Level 0.7 Ranged Weapons
 - Level 2.4 Dodging
 - Level 0.5 Shields
 - Level 10.4 Unarmed Combat
 - Level 0.4 Conjurations
 - Level 0.4 Hexes
 - Level 0.3 Summonings
 - Level 0.4 Necromancy
 - Level 0.5 Translocations
 - Level 0.6 Fire Magic
 - Level 0.3 Ice Magic
 - Level 0.4 Air Magic
 - Level 0.7 Earth Magic
 - Level 0.4 Alchemy
 * Level 9.6 Invocations
 - Level 8.5 Evocations
 - Level 0.6 Shapeshifting


You had 11 spell levels left.
You didn't know any spells.
Your spell library contained the following spells:

 Spells                   Type           Power      Damage    Failure   Level
 Necrotise                Necr           0%         1d4       36%         1
 Slow                     Hex            0%         N/A       36%         1
 Blink                    Tloc           0%         N/A       47%         2
 Lesser Beckoning         Tloc           0%         N/A       47%         2
 Ensorcelled Hibernation  Hex/Ice        0%         N/A       50%         2
 Momentum Strike          Conj/Tloc      0%         3d8       50%         2
 Passwall                 Erth           1%         N/A       67%         3
 Confusing Touch          Hex            0%         N/A       73%         3
 Vampiric Draining        Necr           0%         2d6       73%         3
 Swiftness                Air            0%         N/A       75%         3
 Martyr's Knell           Necr/Summ      0%         N/A       98%         4
 Curse of Agony           Necr           0%         N/A       100%        5


Dungeon Overview and Level Annotations

Branches:
Dungeon (13/15)            Temple (1/1) D:4            Lair (1/5) D:11
    Orc (0/2) D:10
 Vaults: D:13-14

Altars:
Ashenzari
Cheibriados
Dithmenos
Elyvilon
Fedhas
Gozag
Hepliaklqana
Kikubaaqudgha
Makhleb
Nemelex Xobeh
Okawaru
Qazlal
Ru
Sif Muna
Trog
Uskayaw
Vehumet
Wu Jian
Xom
Yredelemnul
Zin
The Shining One

Shops:
D:1 (   D:6 =   D:7 *

Annotations:
Lair:1 3 runed translucent doors, Poganam's ghost, journeyman DrSh


Innate Abilities, Weirdness & Mutations

Your life essence is reduced to manifest your ancestor. (-10% HP)
You are too large for most types of armour.
You have claws for hands.
Your natural rate of healing is unusually fast.
You are covered in fur. (AC +1)
You have tough skin. (AC +1)
You are partially covered in iridescent scales. (AC +2)
You possess an exceptional clarity of mind.
You are dopey. (Int -2)
You are strong-willed. (Will+)
You occasionally lose the ability to read scrolls when taking damage.


Message History

The yak gores you.
You feel very sick. The black mamba barely misses you.
You mangle the yak!!
The yak is heavily wounded.
You feel sick.
The black mamba bites you but does no damage.
The yak closely misses you.
You scratch the yak.
The yak is heavily wounded.
You feel sick. The black mamba bites you!
Iwott hits the yak.
The yak gores Iwott but does no damage.
The black mamba bites you.
You are more poisoned.
The black mamba poisons you!
You are too injured to fight recklessly!
You feel very sick.
Iwott hits the yak.
The yak barely misses Iwott.
The yak gores Iwott.
The black mamba bites you.
You are more poisoned.
The black mamba poisons you!
You feel extremely sick. The yak attacks as it pursues you!
The yak barely misses you.
The yak gores Iwott!
Iwott hits the yak!
The yak dies!
You feel extremely sick. The black mamba closely misses you.
You feel very sick.
The black mamba attacks as it pursues you!
The black mamba bites you.
* * * LOW HITPOINT WARNING * * *
The yak gores Iwott!!
The black mamba completely misses you. The yak gores you!
* * * LOW HITPOINT WARNING * * *
* * * LOW HITPOINT WARNING * * *
You feel very sick.
The black mamba attacks as it pursues you!
The black mamba bites you!
* * * LOW HITPOINT WARNING * * *
The black mamba bites you.
You die...
Hepliaklqana delivers you to your ancestors.

## .## ### ..### ##.#
#...### ###..# #.#...##
###P...#
#...#..########)@...##
..####...#.....S#P..#
### ##.......Y.##..## #
####..#.......##..##
####....##....R.###...#
#....#..###....Y.###.##
.......## #...YY####.##
.......# #....†# #.#.#
.......## ##....# #####


You could see the friendly Iwott the ancestor, a black mamba and 4 yaks.

Vanquished Creatures
  An ironbound preserver (D:13)
  Fannar (D:10)
  The ghost of sekai the Cleaver, a novice MDFi of Qazlal (D:9)
  A boulder beetle (D:12)
  4 two-headed ogres
  Amaemon (D:8)
  Pikel (D:6)
  A deep elf pyromancer (D:12)
  4 cyclopes
  A manticore (D:11)
  2 ugly things
  2 elephants (Lair:1)
  A cane toad (Lair:1)
  An orange demon (D:8)
  A komodo dragon (Lair:1)
  2 trolls
  2 hornets
  2 wyverns (D:10)
  5 wraiths
  4 shadows
  13 yaks
  3 basilisks
  3 steam dragons
  6 vampire mosquitoes
  Duvessa (D:6)
  2 water moccasins (D:7)
  8 orc warriors
  5 ice beasts
  A sky beast (D:8)
  4 black bears
  4 ogres
  5 wolves (Lair:1)
  A phantom (D:5)
  7 centaurs
  4 lemures (D:6)
  3 kobold brigands
  11 bullfrogs
  A gnoll sergeant (D:10)
  8 scorpions
  Dowan (D:6)
  3 wights (D:6)
  15 killer bees
  5 howler monkeys
  4 hounds
  3 jellies
  6 orc priests
  2 sleepcaps
  A gnoll bouda (D:6)
  7 iguanas
  12 orc wizards
  3 gnolls (D:10)
  7 adders
  A shadow imp (D:6)
  A white imp (D:6)
  4 dart slugs
  2 ribbon worms
  31 orcs
  7 ball pythons
  4 bats
  8 endoplasms
  10 goblins
  7 hobgoblins
  7 jackals
  7 kobolds
  3 quokkas
  3 frilled lizards
  6 rats
298 creatures vanquished.

Vanquished Creatures (collateral kills)
  An elephant (Lair:1)
  Maggie (D:7)
  A wyvern (D:11)
  A yak (Lair:1)
  An orc warrior (D:11)
  A black bear (D:6)
  A wolf (Lair:1)
  A bullfrog (Lair:1)
  A killer bee (D:9)
  A hound (D:6)
  An orc priest (D:11)
  2 orc wizards
  An adder (D:6)
  A shadow imp (D:8)
  An ufetubus (D:6)
  3 orcs
  A kobold (D:9)
20 creatures vanquished.

Vanquished Creatures (others)
  13 ancestors
  An orc (D:8)
14 creatures vanquished.

Grand Total: 332 creatures vanquished

Notes
Turn   | Place    | Note
-------+----------+-------------------------------------------
     0 | D:1      | IQJUMP the Troll Monk began the quest for the Orb.
     0 | D:1      | Reached XP level 1. HP: 22/22 MP: 0/0
    53 | D:1      | Found Jawycs's Antique Weapon Emporium.
    89 | D:1      | Reached XP level 2. HP: 29/29 MP: 1/1
   224 | D:1      | Found a faded altar of an unknown god.
   241 | D:1      | Reached XP level 3. HP: 36/36 MP: 2/2
   932 | D:3      | Reached XP level 4. HP: 44/44 MP: 3/3
  1043 | D:3      | Reached skill level 5 in Unarmed Combat
  1118 | D:3      | Noticed a scorpion
  1135 | D:3      | Killed a scorpion
  1136 | D:3      | Reached XP level 5. HP: 31/50 MP: 4/4
  1877 | D:4      | Found a staircase to the Ecumenical Temple.
  1936 | D:4      | Noticed an ogre
  1944 | D:4      | Killed an ogre
  1945 | D:4      | Reached XP level 6. HP: 47/59 MP: 5/5
  2047 | Temple   | Entered the Ecumenical Temple
  2053 | Temple   | Became a worshipper of Hepliaklqana the Forgotten
  2053 | Temple   | Reached * piety under Hepliaklqana
  2053 | Temple   | Reached ** piety under Hepliaklqana
  2204 | D:5      | Entered Level 5 of the Dungeon
  2537 | D:5      | Reached XP level 7. HP: 59/59 MP: 6/6
  2596 | D:5      | Found a glowing silver altar of Zin.
  2866 | D:5      | Noticed a troll
  2881 | D:5      | Killed a troll
  3026 | D:5      | Reached XP level 8. HP: 65/66 MP: 7/7
  3031 | D:5      | Reached skill level 10 in Unarmed Combat
  3270 | D:5      | Found an ornate altar of the Wu Jian Council.
  3497 | D:6      | Reached *** piety under Hepliaklqana
  3502 | D:6      | Identified the +6 war axe "Kirgh" {flame, rF+ Will++}
  3674 | D:6      | Reached skill level 5 in Fighting
  4020 | D:6      | Reached XP level 9. HP: 80/80 MP: 8/8
  4029 | D:6      | Found Muucuiso's Jewellery Boutique.
  4039 | D:6      | Bought a +5 ring of evasion for 360 gold pieces
  4202 | D:6      | Noticed Pikel
  4207 | D:6      | Killed Pikel
  4276 | D:6      | Noticed a two-headed ogre
  4551 | D:6      | Noticed Duvessa
  4551 | D:6      | Noticed Dowan
  4555 | D:6      | Killed Duvessa
  4560 | D:6      | Killed Dowan
  4561 | D:6      | Reached skill level 1 in Evocations
  5181 | D:7      | Reached XP level 10. HP: 57/96 MP: 9/9
  5321 | D:7      | Found Kealuish's Lightly-Used Armoury.
  5339 | D:7      | Noticed Maggie
  5351 | D:7      | Killed Maggie
  5387 | D:7      | Reached **** piety under Hepliaklqana
  5392 | D:7      | Found a snail-covered altar of Cheibriados.
  5839 | D:8      | Found a basalt altar of Yredelemnul.
  5848 | D:8      | Reached skill level 10 in Fighting
  5976 | D:8      | Noticed Amaemon
  5976 | D:8      | Noticed an orange demon
  5990 | D:8      | Killed Amaemon
  6004 | D:8      | Killed an orange demon
  6511 | D:8      | Reached skill level 1 in Short Blades
  6645 | D:9      | Found a runed translucent door.
  6647 | D:9      | Noticed sekai's ghost (novice MDFi)
  6703 | D:9      | Reached ***** piety under Hepliaklqana
  7038 | D:9      | Identified the +6 chain mail of Indecent Exposure {Str+3
                  | Int-2 Slay+3}
  7069 | D:9      | Identified the +2 dagger of Naukoq {flame, rN+ Dex+2}
  7397 | D:9      | Killed sekai's ghost
  7398 | D:9      | Reached XP level 11. HP: 38/105 MP: 10/10
  7539 | D:10     | Entered Level 10 of the Dungeon
  7548 | D:10     | Noticed a two-headed ogre
  7557 | D:10     | Killed a two-headed ogre
  7558 | D:10     | Reached skill level 5 in Evocations
  7695 | D:10     | Noticed a two-headed ogre
  7705 | D:10     | Killed a two-headed ogre
  7839 | D:10     | Noticed a two-headed ogre
  7848 | D:10     | Killed a two-headed ogre
  7905 | D:10     | Found an iron altar of Okawaru.
  7995 | D:10     | Found a shimmering blue altar of Sif Muna.
  8093 | D:10     | Noticed Fannar
  8113 | D:10     | Killed Fannar
  8179 | D:10     | Found a staircase to the Orcish Mines.
  8433 | D:10     | Gained mutation: You are dopey. (Int -2) [potion of
                  | mutation]
  8433 | D:10     | Gained mutation: You have a pair of small antennae on your
                  | head. [potion of mutation]
  8433 | D:10     | Gained mutation: You expend magic power (3 MP) to
                  | strengthen your wands. [potion of mutation]
  8433 | D:10     | Gained mutation: You are strong-willed. (Will+) [potion of
                  | mutation]
  8434 | D:10     | Lost mutation: You expend magic power (3 MP) to strengthen
                  | your wands. [potion of mutation]
  8434 | D:10     | Lost mutation: You are strong-willed. (Will+) [potion of
                  | mutation]
  8434 | D:10     | Lost mutation: You have a pair of small antennae on your
                  | head. [potion of mutation]
  8434 | D:10     | Gained mutation: You passively dampen the noise of your
                  | surroundings. [potion of mutation]
  8434 | D:10     | Gained mutation: You occasionally lose the ability to drink
                  | potions when taking damage. [potion of mutation]
  8434 | D:10     | Gained mutation: You occasionally lose the ability to read
                  | scrolls when taking damage. [potion of mutation]
  8435 | D:10     | Lost mutation: You passively dampen the noise of your
                  | surroundings. [potion of mutation]
  8435 | D:10     | Lost mutation: You occasionally lose the ability to drink
                  | potions when taking damage. [potion of mutation]
  8435 | D:10     | Gained mutation: You are partially covered in iridescent
                  | scales. (AC +2) [potion of mutation]
  8435 | D:10     | Gained mutation: You possess an exceptional clarity of
                  | mind. [potion of mutation]
  8435 | D:10     | Gained mutation: You are strong-willed. (Will+) [potion of
                  | mutation]
  8535 | D:11     | Paralysed by a hornet for 2 turns
  8559 | D:11     | Found a staircase to the Lair.
  8588 | D:11     | Reached skill level 1 in Invocations
  8620 | D:11     | Reached XP level 12. HP: 52/113 MP: 12/12
  8651 | D:11     | Noticed a two-headed ogre
  8664 | D:11     | Killed a two-headed ogre
  9193 | D:11     | Reached skill level 5 in Invocations
  9427 | D:12     | Noticed a boulder beetle
  9457 | D:12     | Killed a boulder beetle
  9836 | D:13     | Noticed an ironbound preserver
  9857 | D:13     | Killed an ironbound preserver
  9946 | Lair:1   | Entered Level 1 of the Lair of Beasts
 10337 | Lair:1   | Found a runed translucent gate.
 10337 | Lair:1   | Found a runed translucent gate.
 10337 | Lair:1   | Found a runed translucent gate.
 10337 | Lair:1   | Noticed a nine-headed hydra
 10337 | Lair:1   | Noticed Poganam's ghost (journeyman DrSh)
 10338 | Lair:1   | Noticed a ten-headed hydra
 10459 | Lair:1   | HP: 2/113 [black mamba (8)]
 10459 | Lair:1   | Slain by a black mamba

Illustrated notes

Levels and vault maps discovered:
D:1:      lightli_molten_gateway, layout_rooms,
          hellmonk_ecumenical_altar_run_dry, serial_shops, shop,
          kennysheep_flooded_box
D:2:      layout_rooms
D:3:      minmay_skewed_foursquare, layout_loops_cross
D:4:      layout_rooms, temple_statues, st_stairs_3
D:5:      layout_layer_cave, mainiacjoe_overflow_cross_hatched,
          nicolae_wu_jian_immortal_techniques
D:6:      layout_layer_cave, serial_shops, shop, nzn_random_ring, uniq_duvessa,
          uniq_pikel
D:7:      kb_forest_paths, layout_basic, mainiacjoe_overflow_boulevard,
          blue_anna_alchemist, minmay_stone_trees_small, minmay_shop_damaged,
          kennysheep_generic_room_3, uniq_maggie
D:8:      layout_loops_cross, yredelemnul_altar_generic, uniq_amaemon
D:9:      layout_loops_cross, ebering_ghost_reflecting_pool
D:10:     minmay_s_stair_smasher, layout_rooms, okawaru_gym_becter,
          lemuel_coloured_pillars_altar, david_orc_3, hangedman_decor_push,
          uniq_fannar
D:11:     layout_basic, due_lair_maze_entry_diamond
D:12:     layout_rooms
D:13:     layout_layer_cave, hellmonk_vaults_order_and_chaos, serial_shops,
          shop, lightli_wizard_tower
Temple:   eino_temple_rhombus
Lair:1:   layout_cave_pods, gammafunk_ghost_hydra_chop, grunt_megastairs_1

Skill      XL: |  1  2  3  4  5  6  7  8  9 10 11 12 |
---------------+-------------------------------------+-----
Unarmed Combat | 4 5 7 8 9 10 | 10.4
Fighting       | 5 9 10 | 10.0
Evocations     | 1 4 8 |  8.5
Short Blades   | 1 |  1.0
Invocations    | 2 9 |  9.6
Long Blades    | |  0.4
Axes           | |  0.8
Maces & Flails | |  0.5
Polearms       | |  0.4
Staves         | |  0.4
Ranged Weapons | |  0.7
Dodging        | |  2.4
Shields        | |  0.5
Conjurations   | |  0.4
Hexes          | |  0.4
Summonings     | |  0.3
Necromancy     | |  0.4
Translocations | |  0.5
Fire Magic     | |  0.6
Ice Magic      | |  0.3
Air Magic      | |  0.4
Earth Magic    | |  0.7
Alchemy        | |  0.4
Shapeshifting  | |  0.6

Action                     |  1- 3 |  4- 6 |  7- 9 | 10-12 || total
---------------------------+-------+-------+-------+-------++-------
  Melee: Unarmed           |    86 |    98 |   184 |   564 ||   932
  Throw: Large rock        |       |       |       |     1 ||     1
         Throwing net      |       |       |       |     1 ||     1
  Evoke: Wand              |       |       |    20 |     6 ||    26
    Use: Potion            |     1 |       |     4 |     8 ||    13
         Scroll            |       |       |    13 |     8 ||    21
   Stab: Distracted        |       |       |       |     5 ||     5
         Held in net/web   |       |       |       |     1 ||     1
 Armour: Robe              |    44 |    54 |   135 |   394 ||   627
         Skin              |       |       |       |     2 ||     2
  Dodge: Dodged            |    37 |    33 |   116 |   435 ||   621

Table legend: (Time is in decaauts)
 A = Elapsed time spent in this place.
 B = Non-inter-level travel time spent in this place.
 C = Inter-level travel time spent in this place.
 D = Time resting spent in this place.
 E = Time spent auto-exploring this place.
 F = Levels seen in this place.
 G = Mean time per level.
                   A        B        C        D        E       F      G
               +--------+--------+--------+--------+--------+-----+--------+
         Total |  10336 |   9982 |    354 |      0 |   7870 |  15 |  689.1 |
       Dungeon |   9826 |   9478 |    348 |      0 |   7517 |  13 |  755.8 |
        Temple |     12 |      6 |      6 |      0 |      0 |   1 |   12.0 |
          Lair |    496 |    496 |      0 |      0 |    353 |   1 |  496.0 |
               +--------+--------+--------+--------+--------+-----+--------+

Top non-repeatable levels by time:
     D:6: 1468 daAuts
     D:5: 1272 daAuts
    D:10: 924 daAuts
     D:9: 922 daAuts
     D:7: 841 daAuts
    D:11: 776 daAuts
     D:8: 772 daAuts
     D:3: 716 daAuts
    D:12: 612 daAuts
     D:4: 580 daAuts
  Lair:1: 496 daAuts
     D:2: 468 daAuts
     D:1: 420 daAuts
    D:13: 50 daAuts
  Temple: 12 daAuts
